Map: Chantier naval orbital

Players

Worming - Winner!

  • Race: Zerg Zerg
  • League: Diamond

Drak

  • Race: Zerg Zerg
  • League: Diamond

VOD

Have the link to the VOD?

Description

Time

  • Played on: Dec. 16, 2015, 2:36 p.m.
  • Length: 11:08
Show
View Real Time Build Order
Export as new Build Order

Worming Zerg - Winner!

Build Orders: Hatch First, Zergling Baneling 

Get SALT Encoding   

  12  0:01  Drone  
  13  0:12  Overlord  
  13  0:22  Drone  
  14  0:31  Drone x2  
  14  0:35  Drone  
  17  0:52  Hatchery  
  17  0:55  Drone  
  17  0:59  Extractor  
  17  1:00  Drone  
  17  1:16  Drone  
  18  1:19  Spawning Pool  
  17  1:29  Drone  
  17  1:30  Drone  
  19  1:39  Drone  
  20  1:49  Overlord  
  20  2:06  Queen x2  
  20  2:07  Zergling x4  
  26  2:10  Metabolic Boost  
  26  2:15  Drone  
  27  2:17  Drone  
  27  2:21  Drone  
  29  2:25  Drone  
  30  2:37  Baneling Nest, Drone  
  30  2:41  Drone  
  31  2:59  Zergling x2  
  31  3:00  Zergling x6  
  33  3:18  Zergling x6  
  36  3:20  Overlord  
  36  3:21  Overlord  
  36  3:22  Baneling  
  36  3:23  Baneling x5  
  36  3:26  Overlord  
  36  3:43  Drone x6  
  42  3:51  Drone x6  
  48  4:06  Extractor  
  48  4:08  Lair  
  47  4:10  Extractor  
  47  4:11  Drone x3  
  47  4:13  Drone, Hatchery  
  46  4:22  Baneling x2  
  47  4:24  Drone x2  
  47  4:43  Overlord  
  47  4:44  Overlord x2  
  47  4:45  Zergling x6  
  47  5:01  Extractor  
  46  5:08  Spire  
  46  5:09  Drone  
  46  5:10  Drone x2  
  46  5:11  Baneling x2  
  46  5:12  Zergling x10  
  53  5:14  Queen x2  
  57  5:21  Zergling x2  
  57  5:28  Extractor  
  56  5:33  Extractor  
  54  5:37  Zergling x10  
  54  5:40  Baneling  
  54  5:41  Baneling  
  54  5:42  Baneling  
  56  5:47  Zergling x6  
  56  6:03  Baneling x2  
  55  6:05  Drone x4  
  55  6:06  Drone x2  
  61  6:20  Mutalisk  
  61  6:21  Mutalisk x4  
  71  6:27  Mutalisk x2  
  75  6:37  Infestation Pit  
  75  6:39  Drone x7  
  81  6:46  Zerg Flyer Weapons Level 1  
  81  6:49  Drone  
  82  6:55  Overlord  
  82  6:56  Drone x8  
  87  7:16  Mutalisk  
  87  7:17  Hive, Mutalisk x3  
  93  7:52  Hatchery  
  92  8:09  Zergling x10  
  97  8:19  Evolution Chamber  
  96  8:20  Evolution Chamber  
  93  8:35  Overlord x3  
  93  8:37  Zergling x8  
  93  8:38  Overlord x2  
  97  8:50  Zerg Melee Weapons Level 1  
  97  8:51  Zerg Ground Armor Level 1  
  97  8:56  Ultralisk Cavern  
  96  9:10  Overlord x2  
  96  9:13  Adrenal Glands  
  96  9:14  Overlord x2  
  96  9:15  Zergling x2  
  96  9:16  Zergling x36  
  115  9:20  Overseer  
  115  9:30  Hatchery  
  112  10:02  Ultralisk x5  
  112  10:03  Ultralisk x2  
  154  10:42  Extractor  
  149  10:44  Extractor  
Show
View Real Time Build Order
Export as new Build Order

Drak Zerg 

Build Orders: Pool First 

Get SALT Encoding   

  12  0:08  Overlord  
  12  0:13  Drone  
  13  0:17  Drone  
  14  0:27  Drone  
  15  0:39  Spawning Pool  
  14  0:47  Drone  
  14  0:49  Extractor  
  14  0:59  Drone  
  15  1:13  Hatchery  
  15  1:17  Drone  
  15  1:29  Queen  
  17  1:35  Zergling x2  
  18  1:46  Drone  
  19  1:50  Metabolic Boost  
  19  1:58  Drone  
  20  2:01  Overlord  
  20  2:12  Queen  
  22  2:20  Drone  
  22  2:22  Drone  
  24  2:24  Drone  
  25  2:31  Baneling Nest  
  25  2:37  Zergling x4  
  27  2:44  Zergling x2  
  27  2:52  Zergling x4  
  27  2:53  Zergling x2  
  28  3:13  Drone x5  
  33  3:20  Baneling  
  33  3:22  Overlord  
  33  3:39  Drone x3  
  33  3:40  Overlord  
  36  3:45  Evolution Chamber  
  35  3:57  Hatchery  
  35  4:02  Roach Warren  
  33  4:03  Baneling x2  
  33  4:07  Zergling x6  
  35  4:19  Zergling x6  
  35  4:20  Zergling x2  
  35  4:21  Baneling x2  
  39  4:25  Zerg Missile Weapons Level 1  
  31  4:46  Zergling x12  
  35  4:58  Zergling x10  
  40  5:09  Zergling x8  
  44  5:17  Lair  
  44  5:21  Baneling x2  
  37  6:03  Roach  
  37  6:04  Roach x4  
  42  6:08  Drone x6  
  42  6:09  Drone x7  
  55  6:17  Drone  
  55  6:18  Drone  
  57  6:27  Extractor  
  57  6:29  Extractor  
  55  6:33  Extractor  
  55  6:35  Baneling x3, Extractor  
  55  6:39  Drone x4  
  57  6:40  Drone  
  57  6:45  Overseer  
  58  6:51  Overlord x2  
  58  7:00  Spore Crawler x2  
  56  7:03  Spore Crawler  
  53  7:09  Drone  
  53  7:10  Drone x9  
  59  7:16  Queen  
  53  7:24  Spore Crawler  
  53  7:29  Infestation Pit  
  51  7:31  Spore Crawler, Drone x2  
  51  7:32  Drone x2  
  51  7:35  Zergling x2  
  51  7:36  Zergling x2  
  54  7:57  Spore Crawler, Zergling x10  
  57  8:02  Overlord x2  
  56  8:14  Pathogen Glands  
  56  8:28  Queen  
  56  8:54  Roach  
  56  8:55  Overlord x3  
  58  8:59  Hatchery, Hydralisk Den  
  58  9:01  Spore Crawler  
  58  9:02  Spore Crawler  
  51  9:08  Infestor x3  
  51  9:09  Infestor x2  
  59  9:12  Overlord x2  
  59  9:16  Extractor  
  58  9:19  Baneling  
  58  9:33  Spore Crawler  
  49  9:56  Infestor x2  
  49  9:58  Roach x2  
  57  10:06  Drone x2  
  57  10:07  Drone  
  60  10:17  Roach x3  
  60  10:18  Roach  
  60  10:19  Drone x5  
  69  10:46  Overlord x3  
Tags
 
Add a new tag
Caveats
  • Supply blocks, unpowered buildings, or Contaminate may cause inaccurate times.
  • Supply counts are checked every 10 seconds.